 Dungeon Crawl Stone Soup version 0.26-a0-639-g72c4674329 (webtiles) character file.

Game seed: 9662205457315498076

4 Colgate the Grave Robber (level 1, 13/13 HPs)
             Began as a Mummy Necromancer on Sept 15, 2020.
             Quit the game on level 1 of the Dungeon.
             The game lasted 00:01:35 (145 turns).

Colgate the Grave Robber (Mummy Necromancer)         Turns: 145, Time: 00:01:36

Health: 13/13      AC:  2    Str: 11    XL:     1   Next: 58%
Magic:  4/4        EV: 12    Int: 14    God:
Gold:   13         SH:  0    Dex: 12    Spells: 3/5 levels left

rFire    x . .     SeeInvis .   b - +0 whip
rCold    + . .     Faith    .   (no shield)
rNeg     + + +     Spirit   .   a - +0 robe
rPois    ∞         Reflect  .   (no helmet)
rElec    .         Harm     .   (no cloak)
rCorr    .         Rampage  .   (no gloves)
MR       .....                  (no boots)
Stlth    ++........             (no amulet)
HPRegen  0.04/turn              (no ring)
MPRegen  0.09/turn              (no ring)

@: no status effects
A: no potions, fire vulnerability, cold resistance 1, negative energy resistance
3, torment resistance, unbreathing
a: no special abilities


You were on level 1 of the Dungeon.
You visited 1 branch of the dungeon, and saw 1 of its levels.

You collected 13 gold pieces.

Inventory:

Hand Weapons
 b - a +0 whip (weapon)
Armour
 a - a +0 robe (worn)


   Skills:
 - Level 1.5 Dodging
 - Level 1.5 Stealth
 - Level 2.6 Spellcasting
 + Level 4.2 Necromancy


You had 3 spell levels left.
You knew the following spells:

 Your Spells              Type           Power        Failure   Level
a - Pain                  Necr           ##..         3%          1
b - Animate Skeleton      Necr           ##....       3%          1

Your spell library contained the following spells:

 Spells                   Type           Power        Failure   Level
 Vampiric Draining        Necr           ##........   12%         3
 Animate Dead             Necr           ##........   36%         4
 Agony                    Necr           ##......     71%         5


Dungeon Overview and Level Annotations

Branches:
Dungeon (1/15)

Altars:


Innate Abilities, Weirdness & Mutations

You do not drink.
Your flesh is vulnerable to fire.
You are immune to poison.
Your flesh is cold resistant. (rC+)
You are immune to negative energy. (rN+++)
You are immune to unholy pain and torment.
You can survive without breathing.


Message History

Press: ? - help, Shift-Dir - straight line, f - kobold
Aim: a kobold, wielding a +0 whip (chance to defeat MR: 83%)
The kobold writhes in agony.
Casting: Pain (safe; 4% risk of failure)
Confirm with . or Enter, or press ? or * to list all spells.
Aiming: Pain (safe; 4% risk of failure)
Press: ? - help, Shift-Dir - straight line, f/p - kobold
Aim: a kobold, wielding a +0 whip (moderately wounded, chance to defeat MR: 83%)
The kobold writhes in agony.
You kill the kobold!
You start resting.
Magic restored.
Found a ring mail.
You see here a +0 whip.
b - a +0 whip (weapon)
Casting: Pain (safe; 3% risk of failure)
Confirm with . or Enter, or press ? or * to list all spells.
There is nothing nearby to animate!
Found a tourmaline ring.
Are you sure you want to abandon this character and quit the game? (Confirm with "yes".)

......^..................#
.#####.###########).....#
.........###.# #......#
#.######.#...# #......#
#.#.#.# #......# #.#.#.#
###'#### #...#.### #.#
#...#...#...##.######
#...@[...............
#.....#.###############
#...#.#.# #≈##..#..#.#
###.#.#.# #≈≈#..#.....
......# #≈..........
....#..# #...........
....= ..# ......≈≈≈... ..
.# .....≈...≈..
.....≈.<.≈..


There were no monsters in sight!

Vanquished Creatures
  A giant cockroach (D:1)
  A goblin (D:1)
  A kobold (D:1)
  A rat (D:1)
4 creatures vanquished.

Notes
Turn   | Place    | Note
-------+----------+-------------------------------------------
     0 | D:1      | Colgate the Mummy Necromancer began the quest for the Orb.
     0 | D:1      | Reached XP level 1. HP: 13/13 MP: 4/4
     2 | D:1      | Learned a level 1 spell: Animate Skeleton
   145 | D:1      | Quit the game

Illustrated notes

Levels and vault maps discovered:
D:1:      enne_arrival_octagon_isle, layout_basic, minmay_pentomino_s2

Action                   || total
-------------------------++-------
Melee: Unarmed           ||     2
 Cast: Pain              ||     7
       Animate Skeleton  ||     1
Dodge: Dodged            ||     3

Table legend: (Time is in decaauts)
 A = Elapsed time spent in this place.
 B = Non-inter-level travel time spent in this place.
 C = Inter-level travel time spent in this place.
 D = Time resting spent in this place.
 E = Time spent auto-exploring this place.
 F = Levels seen in this place.
 G = Mean time per level.
                   A        B        C        D        E       F      G
               +--------+--------+--------+--------+--------+-----+--------+
         Total |    149 |    149 |      0 |     58 |     67 |   1 |  149.0 |
       Dungeon |    149 |    149 |      0 |     58 |     67 |   1 |  149.0 |
               +--------+--------+--------+--------+--------+-----+--------+

Top non-repeatable levels by time:
     D:1: 149 daAuts
